 Dungeon Crawl Stone Soup version 0.17-a0-1984-g55f5988 (webtiles) character file.

364 Banto the Charmwright (level 6, -2/39 HPs)
             Began as a High Elf Skald on Oct 6, 2015.
             Slain by an ogre
             ... wielding a +0 giant club
              (26 damage)
             ... on level 4 of the Dungeon.
             The game lasted 00:07:06 (3405 turns).

Banto the Charmwright (High Elf Skald)              Turns: 3405, Time: 00:07:06

Health: -2/39      AC:  3    Str: 11    XL:     6   Next: 39%
Magic:  11/11      EV: 11    Int: 20    God:
Gold:   101        SH:  4    Dex: 18    Spells: 3 memorised, 4 levels left

rFire  . . .     SeeInvis .     o - +0 dagger (elec)
rCold  . . .     Clarity  .     b - +0 leather armour
rNeg   . . .     SustAt   .     e - +0 buckler (curse)
rPois  .         Gourm    .     (no helmet)
rElec  .         Spirit   .     (no cloak)
rCorr  .         Warding  .     (no gloves)
rMut   .         Stasis   .     (no boots)
MR     .....                    (no amulet)
Stlth  +.........               (no ring)
                                h - +5 ring of intelligence

@: not resistant to hostile enchantments, very unstealthy
A: spit poison 1
a: Spit Poison


You were on level 4 of the Dungeon.
You were not hungry.

You visited 1 branch of the dungeon, and saw 4 of its levels.

You collected 101 gold pieces.

Inventory:

Hand Weapons
 a - a +0 falchion
 o - a +0 dagger of electrocution (weapon)
Armour
 b - a +0 leather armour (worn)
 e - a cursed +0 buckler (worn)
Jewellery
 h - a +5 ring of intelligence (left hand)
Scrolls
 l - a scroll of fear {unknown}
 m - a scroll of enchant armour {unknown}
Potions
 c - a potion of magic
 g - 7 potions of curing
 i - a potion of might {unknown}
 k - a potion of haste {unknown}
 p - 4 potions of heal wounds {unknown}
Comestibles
 d - 2 bread rations
 f - 2 beef jerkies
 j - a chunk of flesh
 n - a meat ration


   Skills:
 - Level 2.0 Fighting
 * Level 6.1 Long Blades
 - Level 0.8 Armour
 - Level 1.1 Dodging
 - Level 3.0 Spellcasting
 * Level 6.3 Charms


You had 4 spell levels left.
You knew the following spells:

 Your Spells              Type           Power        Failure   Level  Hunger
a - Infusion              Chrm           ####..       2%          1    None
b - Regeneration          Chrm/Necr      ###.......   30%         3    ###....
c - Spectral Weapon       Hex/Chrm       ###.....     30%         3    ###....


Dungeon Overview and Level Annotations

Branches:
Dungeon (4/15)
 Temple: D:4-7

Altars:
Elyvilon
Fedhas
Makhleb
Trog


Innate Abilities, Weirdness & Mutations

You can spit weak poison.


Message History

You hit the ogre but do no damage.
There is a sudden explosion of sparks!
The ogre is moderately wounded.
You hit the ogre.
The ogre is moderately wounded.
You block the ogre's attack.
You hit the ogre.
The ogre is moderately wounded.
You hit the ogre.
There is a sudden explosion of sparks!
The ogre is severely wounded.
The ogre misses you.
Your shield and leather armour prevent you from hitting the ogre.
The ogre is severely wounded.
The ogre hits you with a giant club!
You hit the ogre but do no damage.
The ogre is severely wounded.
You hit the ogre.
The ogre is almost dead.
The ogre hits you with a giant club!!
Ouch! That really hurt!
You die...

### # #.. .# #.# ... #
#.# .... #.##.##.....
#..O....# #
#########@####♣≈♣♣♣≈
#............♣≈≈≈♣≈≈≈.
.####..#....♣≈≈≈P≈≈≈≈♣
#..#####≈≈≈P≈≈≈≈PP
#......P≈≈P≈≈≈≈≈≈≈
#.....≈≈≈≈≈≈≈≈≈PP≈ ##
####..).≈..≈♣≈P≈≈P #..
##....≈...≈....≈
##...##...............


You could see an ogre.

Vanquished Creatures
  An ogre (D:4)
  An orc wizard (D:3)
  4 orc priests
  4 adders
  A river rat (D:3)
  An ooze (D:2)
  3 worms
  2 giant geckos
  14 orcs
  2 ball pythons
  3 bats
  6 giant cockroaches
  5 goblins
  6 hobgoblins
  5 jackals
  6 kobolds
  2 quokkas
  2 giant newts
  A jackal skeleton (D:3)
  6 rats
75 creatures vanquished.

Notes
Turn   | Place    | Note
--------------------------------------------------------------
     0 | D:1      | Banto the High Elf Skald began the quest for the Orb.
     0 | D:1      | Reached XP level 1. HP: 14/14 MP: 4/4
   236 | D:1      | Reached skill level 4 in Charms
   245 | D:1      | Reached XP level 2. HP: 9/19 MP: 0/6
  1317 | D:2      | Reached XP level 3. HP: 13/24 MP: 5/8
  1352 | D:2      | Learned a level 3 spell: Regeneration
  1356 | D:2      | Learned a level 3 spell: Spectral Weapon
  2195 | D:3      | Found a blossoming altar of Fedhas.
  2196 | D:3      | Found a white marble altar of Elyvilon.
  2200 | D:3      | Found a burning altar of Makhleb.
  2200 | D:3      | Found a bloodstained altar of Trog.
  2305 | D:3      | Reached XP level 4. HP: 25/29 MP: 1/9
  2439 | D:2      | Reached skill level 5 in Charms
  2489 | D:3      | Reached XP level 5. HP: 7/34 MP: 4/10
  2577 | D:2      | Reached skill level 5 in Long Blades
  2824 | D:3      | Gained mutation: You can spit weak poison. [potion of beneficial mutation]
  3150 | D:3      | Reached XP level 6. HP: 39/39 MP: 11/11
  3378 | D:4      | Reached skill level 6 in Long Blades
  3405 | D:4      | Slain by an ogre

Vault maps used:
D:1:      dpeg_arrival_renting
D:3:      grunt_temple_overflow_open, portal_sewer_entry_b
D:4:      first_bread, serial_bayou_ford_a

Action                   |  1- 3 |  4- 6 || total
-------------------------+-------+-------++-------
Melee: Falchion          |   138 |    36 ||   174
       Dagger            |       |    93 ||    93
 Cast: Infusion          |    12 |       ||    12
       Spectral Weapon   |     3 |     6 ||     9
       Regeneration      |     1 |     8 ||     9
  Use: Scroll            |     3 |     2 ||     5
       Potion            |       |     1 ||     1
 Stab: Sleeping          |     1 |     2 ||     3
       Distracted        |     1 |       ||     1
  Eat: Chunk             |     4 |     6 ||    10
       Beef jerky        |     1 |       ||     1
